 Dungeon Crawl Stone Soup version 0.28.0-47-ge53b351184 (webtiles) character file.

Game seed: 9897671822881970128

141 hawla the Stinger (level 5, 0/38 HPs)
             Began as a Draconian Venom Mage on Apr 28, 2022.
             Slain by an iguana (11 damage)
             ... on level 4 of the Dungeon.
             The game lasted 00:14:30 (5102 turns).

hawla the Stinger (Draconian Venom Mage)            Turns: 5102, Time: 00:14:30

Health: 0/38       AC:  8    Str: 10    XL:     5   Next: 3%
Magic:  1/9        EV: 12    Int: 18    God:
Gold:   128        SH:  0    Dex: 11    Spells: 3/10 levels left

rFire   . . .      SeeInvis .   l - staff of cold
rCold   + . .      Faith    .   (no shield)
rNeg    . . .      Spirit   .   (armour unavailable)
rPois   .          Reflect  .   (helmet restricted)
rElec   .          Harm     .   (no cloak)
rCorr   .          Rampage  .   e - +2 pair of gloves
Will    .....                   (no boots)
Stlth   ++........              (no amulet)
HPRegen 0.12/turn               b - ring of flight
MPRegen 0.11/turn               (no ring)

@: flying, very slightly contaminated
A: AC +5, unfitting armour, cold-blooded
a: no special abilities


You were on level 4 of the Dungeon.
You visited 1 branch of the dungeon, and saw 4 of its levels.

You collected 128 gold pieces.

Inventory:

Missiles
 j - 4 datura-tipped darts (quivered)
Armour
 e - a +2 pair of gloves (worn)
Magical Staves
 l - a staff of cold (weapon)
Jewellery
 b - a ring of flight (left hand)
 g - a ring of resist corrosion
Scrolls
 h - a scroll of immolation
Potions
 a - 3 potions of might
Miscellaneous
 c - a piece from Xom's chessboard (15/15)


   Skills:
 + Level 0.1 Fighting
 + Level 0.8 Staves
 + Level 2.5 Dodging
 + Level 1.8 Stealth
 + Level 3.1 Spellcasting
 + Level 1.0 Transmutations
 + Level 1.1 Air Magic
 + Level 4.1 Poison Magic


You had 3 spell levels left.
You knew the following spells:

 Your Spells              Type           Power      Damage    Failure   Level
a - Magic Dart            Conj           12%        1d3       16%         1
b - Poisonous Vapours     Pois/Air       24%        N/A       9%          2
c - Olgreb's Toxic Radia  Pois           17%        N/A       28%         4

Your spell library contained the following spells:

 Spells                   Type           Power      Damage    Failure   Level
 Sting                    Tmut/Pois      48%        1d5       5%          1
 Call Imp                 Summ           2%         N/A       24%         2
 Mephitic Cloud           Conj/Pois/Air  9%         N/A       24%         3


Dungeon Overview and Level Annotations

Branches:
Dungeon (4/15)
 Temple: D:4-7

Altars:
Gozag
Xom


Innate Abilities, Weirdness & Mutations

Your plain brown scales are hard. (AC +5)
You cannot fit into any form of body armour.
You are cold-blooded and may be slowed by cold attacks.


Message History

As you read the scroll of teleportation, it crumbles to dust.
You feel strangely unstable.
You feel sick. The adder closely misses you. The endoplasm freezes you.
You are frozen.
You resist.
Casting: Olgreb's Toxic Radiance (extremely dangerous; 28% risk of failure)
Confirm with . or Enter, or press ? or * to list all spells.
The spell is extremely dangerous to miscast (28% risk of failure)!
Continue anyway?
You begin to radiate toxic energy.
The adder is poisoned.
The iguana is poisoned.
You feel sick. The iguana barely misses you. The adder bites you.
The endoplasm hits you but does no damage.
The iguana looks even sicker.
Your surroundings suddenly seem different.
Your toxic aura wanes.
You feel sick.
You feel sick.
You are no longer poisoned.
As you read the scroll labelled XEUMUSI HOABBOM, it crumbles to dust.
It is a scroll of brand weapon.
You aren't carrying any weapons that can be branded.
As you read the scroll labelled FISUUS BUEPN, it crumbles to dust.
The creatures around you are filled with an inner flame!
It was a scroll of immolation.
Casting: Olgreb's Toxic Radiance (extremely dangerous; 28% risk of failure)
Confirm with . or Enter, or press ? or * to list all spells.
Aiming: Magic Dart (safe; 16% risk of failure)
Press: ? - help, Shift-Dir - straight line, f - iguana
Aim: an iguana (inner flame, 100% to hit)
The magic dart hits the iguana but does no damage.
As you read the scroll labelled JOLUALEUSY, it crumbles to dust.
Your body is wracked with pain!
* * * LOW HITPOINT WARNING * * *
The iguana convulses!
Flame seeps out of the iguana.
It was a scroll of torment.
The iguana is engulfed in blazing flames.
Flame seeps out of the iguana.
Okay, then.
The iguana closely misses you. The iguana bites you!
You die...

# .# .
##.##..
#####......
#.......$.. #
#............
#..<...# ..
#......##.#..
#.@..........
#.l....#.##
#........#
#.......##
#.....[.#
#.......#
#########


You could see an iguana (inner flame).

Vanquished Creatures
  An iguana (D:3)
  3 gnolls (D:3)
  2 dart slugs (D:1)
  An orc (D:2)
  9 endoplasms
  3 giant cockroaches
  3 goblins
  13 hobgoblins
  7 jackals
  A quokka (D:2)
  3 ball pythons
  8 bats
  5 frilled lizards
  6 kobolds
  6 rats
  2 butterflies (D:3)
73 creatures vanquished.

Vanquished Creatures (others)
  21 plants (D:2)
21 creatures vanquished.

Grand Total: 94 creatures vanquished

Notes
Turn   | Place    | Note
-------+----------+-------------------------------------------
     0 | D:1      | hawla the Draconian Venom Mage began the quest for the Orb.
     0 | D:1      | Reached XP level 1. HP: 14/14 MP: 3/3
   237 | D:1      | Found a faded altar of an unknown god.
   325 | D:1      | Reached XP level 2. HP: 20/20 MP: 3/5
   328 | D:1      | Learned a level 2 spell: Poisonous Vapours
   882 | D:1      | Reached XP level 3. HP: 20/26 MP: 1/6
  2681 | D:2      | Reached skill level 4 in Poison Magic
  2746 | D:2      | Reached XP level 4. HP: 33/33 MP: 0/8
  2751 | D:2      | Learned a level 4 spell: Olgreb's Toxic Radiance
  2894 | D:3      | Found an opulent altar of Gozag.
  3020 | D:3      | Learned a level 1 spell: Magic Dart
  3154 | D:3      | Found a shimmering altar of Xom.
  4910 | D:3      | Reached skill level 1 in Air Magic
  4910 | D:3      | Reached XP level 5. HP: 17/38 MP: 1/9
  5102 | D:4      | Slain by an iguana

Illustrated notes

Levels and vault maps discovered:
D:1:      dpeg_arrival_lava_temple_mockup, layout_basic,
          dreamdust_ecumenical_altar_angels_and_demons, minmay_split_cup_small
D:2:      layout_rooms, serial_bayou_lagoon_a, minmay_puff
D:3:      layout_loops_ring, xom_butterflies, mainiacjoe_overflow_brackets
D:4:      layout_rooms, mainiacjoe_overflow_catwalk, zin_scriptorium,
          nicolae_sif_muna_little_library, minmay_temple_entry_trees,
          nicolae_specific_store, minmay_surrounded

Skill      XL: |  1  2  3  4 |
---------------+-------------+-----
Dodging        | 2 |  2.5
Poison Magic   | 4 |  4.1
Spellcasting   | 3 |  3.1
Air Magic      | 1 |  1.1
Fighting       | |  0.1
Staves         | |  0.8
Stealth        | |  1.8
Transmutations | |  1.0

Action                   |  1- 3 |  4- 6 || total
-------------------------+-------+-------++-------
Melee: Unarmed           |    60 |    21 ||    81
       Tailslap          |     4 |     4 ||     8
       Punch             |     1 |       ||     1
       Staff             |       |     8 ||     8
 Cast: Sting             |    63 |     8 ||    71
       Poisonous Vapours |    36 |    15 ||    51
       Magic Dart        |       |    21 ||    21
       Olgreb's Toxic Ra |       |     3 ||     3
Evoke: Piece from Xom's  |       |     1 ||     1
  Use: Scroll            |       |     9 ||     9
       Potion            |       |     2 ||     2
Armor: Skin              |    46 |    16 ||    62
Dodge: Dodged            |    65 |    39 ||   104
